AoeStats
← Fries

Lombardia

509689510Analyzed
4v4 RM · 5d ago on Sep 27, 2026· 28m 0s· 8 players
Game mode
Random Map
Map size
Large (8 player)
Population
200
Speed
Normal
Resources
Standard
Victory
Conquest
Starting age
Dark Age
Ending age
Imperial Age
RankedLock teamsTeams togetherTeam positionsShared explorationLock speedFull tech treeHidden civsTurbo modeCheats
Victory
Defeat
🇹🇼 Mongols · Taiwan
1675
+10
🇹🇼 Saracens · Taiwan
1615
+12
1594
+13
🇹🇼 Persians · Taiwan
1576
+13
🇩🇪 Varangians · Germany
1573
-15
🇹🇼 Spanish · Taiwan
1513
-11
🇩🇪 Saxons · Germany
1501
-11
🇰🇿 Danes · Kazakhstan
1500
-11
SAMEDO
9:55 Feudal Age
11:10 Loom
12:57 Horse Collar
15:12 Double-Bit Axe
20:58 Castle Age
20:35 Bloodlines
27:17 Scale Barding Armor
27:14 Husbandry
Reinhardlunsen
6:48 Loom
9:22 Feudal Age
9:57 Double-Bit Axe
16:14 Scale Barding Armor
17:42 Bloodlines
22:32 Castle Age
23:42 Bow Saw
24:05 Chain Barding Armor
25:11 Wheelbarrow
25:36 Fletching
26:39 Bodkin Arrow
No_English
9:21 Loom
11:28 Feudal Age
15:35 Castle Age
13:23 Double-Bit Axe
13:45 Horse Collar
15:08 Gold Mining
18:01 Bow Saw
21:14 Wheelbarrow
24:52 Hand Cart
Choso
10:39 Feudal Age
12:40 Loom
15:46 Castle Age
15:55 Double-Bit Axe
23:23 Wheelbarrow
25:32 Gold Mining
25:35 Horse Collar
28:20 Bow Saw
30:47 Imperial Age
Fries
9:22 Loom
11:07 Feudal Age
12:53 Double-Bit Axe
15:23 Castle Age
14:11 Horse Collar
16:06 Bow Saw
21:21 Wheelbarrow
23:43 Heavy Plow
25:18 Hand Cart
25:50 Stone Mining
26:14 Gold Mining
27:44 Gold Shaft Mining
28:18 Stone Shaft Mining
BøM_Sheuu
6:11 Loom
9:20 Feudal Age
9:57 Double-Bit Axe
14:12 Fletching
16:18 Padded Archer Armor
21:55 Castle Age
20:49 Gold Mining
20:56 Horse Collar
22:31 Bodkin Arrow
22:01 Crossbowman
22:52 Bow Saw
24:18 Ballistics
24:46 Wheelbarrow
25:07 Leather Archer Armor
26:15 Thumb Ring
28:10 Town Watch
BøM_antihack.exe
7:58 Feudal Age
6:18 Loom
11:01 Double-Bit Axe
18:30 Forging
19:28 Scale Barding Armor
20:47 Bloodlines
25:22 Castle Age
25:26 Light Cavalry
26:06 Husbandry
26:28 Chain Barding Armor
25:36 Light Cavalry
26:20 Husbandry
再吵去東湖框你媽出場
8:45 Feudal Age
9:14 Loom
9:48 Double-Bit Axe
11:04 Horse Collar
18:12 Scale Barding Armor
22:35 Castle Age
23:13 Bloodlines
23:41 Bow Saw
23:33 Heavy Plow
23:37 Husbandry
24:08 Gold Mining
25:20 Wheelbarrow
27:22 Gold Shaft Mining
28:04 Chain Barding Armor
Connection lost

Rejoining the realm…

Still unreachable

The connection could not be restored.

Session expired

The server has moved on; the page needs a fresh start.